 Dungeon Crawl Stone Soup version 0.28.0-1-gb440e238dd (webtiles) character file.

Game seed: 9763925404002843663

112 Woods the Covered (level 4, -7/29 HPs)
             Began as a Gargoyle Fighter on Feb 25, 2022.
             Killed by divine providence
             ... invoked by an orc priest
              (11 damage)
             ... on level 3 of the Dungeon.
             The game lasted 00:01:48 (2061 turns).

Woods the Covered (Gargoyle Fighter)                Turns: 2061, Time: 00:01:48

Health: -7/29      AC: 16    Str: 19    XL:     4   Next: 93%
Magic:  4/4        EV:  7    Int:  9    God:
Gold:   65         SH:  4    Dex: 11    Spells: 3/3 levels left

rFire   . . .      SeeInvis .   a - +0 flail
rCold   . . .      Faith    .   c - +0 buckler
rNeg    + . .      Spirit   .   f - +0 chain mail
rPois   ∞          Reflect  .   p - +2 hat
rElec   +          Harm     .   b - +0 cloak
rCorr   .          Rampage  .   (no gloves)
Will    .....                   (no boots)
Stlth   ..........              (no amulet)
HPRegen 0.09/turn               (no ring)
MPRegen 0.09/turn               (no ring)

@: no status effects
A: sickness immunity, AC +3, negative energy resistance 1, electricity
resistance, torment resistance 1, petrification resistance
a: no special abilities


You were on level 3 of the Dungeon.
You visited 1 branch of the dungeon, and saw 3 of its levels.

You collected 65 gold pieces.

Inventory:

Hand Weapons
 a - a +0 flail (weapon)
Armour
 b - a +0 cloak (worn)
 c - a +0 buckler (worn)
 f - a +0 chain mail (worn)
 p - a +2 hat (worn)
Jewellery
 r - a +6 ring of dexterity
Scrolls
 h - 3 scrolls of identify {unknown}
 j - 2 scrolls of enchant armour {unknown}
 k - a scroll of amnesia {unknown}
 m - a scroll of fear {unknown}
 q - a scroll of immolation {unknown}
Potions
 d - 2 potions of might
 e - 2 potions of mutation {unknown}
 g - 2 potions of haste {unknown}
 i - 4 potions of lignification {unknown}
 l - 2 potions of berserk rage {unknown}
 n - 3 potions of degeneration {unknown}
 o - a potion of curing {unknown}
 s - 2 potions of heal wounds {unknown}


   Skills:
 + Level 4.1 Fighting
 + Level 2.9 Maces & Flails
 + Level 4.1 Armour
 + Level 4.1 Shields


You had 3 spell levels left.
You didn't know any spells.
Your spell library contained the following spells:

 Spells                   Type           Power      Damage    Failure   Level
 Leda's Liquefaction      Hex/Erth       0%         N/A       100%        4
 Lee's Rapid Deconstruct  Erth           0%         3d5*      100%        5
 Statue Form              Tmut/Erth      Unusable   N/A       N/A         6

Dungeon Overview and Level Annotations

Branches:
Dungeon (3/15)

Altars:


Innate Abilities, Weirdness & Mutations

You are immune to sickness and miasma.
Your stone body is resilient. (AC +3)
You are immune to poison.
You resist negative energy. (rN+)
You are resistant to electric shocks. (rElec)
You are resistant to unholy torment.
You are immune to petrification.


Message History

The orc wizard hits you but does no damage.
You thump the orc wizard!
The orc wizard is severely wounded.
The orc wizard gestures at you while chanting.
You are confused.
The orc wizard hits you but does no damage.
The orc wizard barely misses you.
The orc wizard hits you but does no damage.
You're too confused to move!
The orc wizard hits you but does no damage.
You closely miss the orc wizard.
The orc wizard is severely wounded.
The orc wizard hits you but does no damage.
You feel less confused.
The orc wizard hits you but does no damage.
You sock the orc wizard!
You kill the orc wizard!
Things that are here:
a +0 dagger; a +0 robe; an orc corpse An orc is nearby!
An orc is nearby!
The orc hits you but does no damage.
You hit the orc.
You kill the orc!
Things that are here:
a +0 club; a +0 chain mail The orc priest shouts!
The orc priest mumbles some strange prayers to Beogh against you.
Beogh smites you!
An orc priest is nearby!
An orc priest is nearby!
The orc priest begins to cast a cantrip, but forgets the words!
The orc priest miscasts a cantrip.
The orc priest mumbles some strange prayers to Beogh against you.
Beogh smites you!
* * * LOW HITPOINT WARNING * * *
The orc priest barely misses you.
The orc priest calls down the wrath of Beogh upon you.
Beogh smites you!
You die...

#.# ##.######.# ###.###
#.# #.# #.....# #.# #.#
#.#.#.# ##'## #.# #.#.#.#
##...## #.# #.#.#.###
##.....## #.. #.#.....#
##.......#####
#.###...####.........####
#.##....@.o'...<.....'...
#.###...####.........####
#.<)....# ##.......## #
#######.# ##.....## # #.#
##...## # ..# ##+## # ###
# #


You could see an orc priest.

Vanquished Creatures
  An orc wizard (D:3)
  3 adders
  A dart slug (D:1)
  4 orcs
  7 ball pythons
  A bat (D:2)
  5 endoplasms
  A giant cockroach (D:2)
  3 goblins (D:1)
  6 hobgoblins
  3 jackals (D:2)
  4 kobolds
  2 quokkas
  A frilled lizard (D:1)
  3 rats
45 creatures vanquished.

Notes
Turn   | Place    | Note
-------+----------+-------------------------------------------
     0 | D:1      | Woods the Gargoyle Fighter began the quest for the Orb.
     0 | D:1      | Reached XP level 1. HP: 14/14 MP: 1/1
   244 | D:1      | Reached XP level 2. HP: 19/19 MP: 2/2
   515 | D:1      | Reached XP level 3. HP: 10/23 MP: 3/3
  1360 | D:2      | Reached XP level 4. HP: 29/29 MP: 4/4
  2061 | D:3      | Killed from afar by an orc priest

Illustrated notes

Levels and vault maps discovered:
D:1:      dpeg_arrival_oval, layout_basic
D:2:      layout_rooms, grunt_ministairs_12
D:3:      layout_loops_corners, lemuel_tele_altar, grunt_decor_one_mirror,
          minmay_circle_x

Skill      XL: |  1  2  3  4 |
---------------+-------------+-----
Shields        | 4 |  4.1
Fighting       | 4 |  4.1
Armour         | 4 |  4.1
Maces & Flails | |  2.9

Action                   |  1- 3 |  4- 6 || total
-------------------------+-------+-------++-------
Melee: Flail             |   105 |    37 ||   142
Armor: Scale mail        |     4 |       ||     4
       Chain mail        |    58 |    37 ||    95
Dodge: Dodged            |    41 |    15 ||    56
Block: Buckler           |    25 |    10 ||    35
